 Dungeon Crawl Stone Soup version 0.24.1 (webtiles) character file.

Game seed: 5219798151313296126, levelgen mode: deterministic

312 BowlsofSteal the Shield-Bearer (level 6, -10/61 HPs)
             Began as a Troll Fighter on Apr 7, 2020.
             Mangled by Prince Ribbit (14 damage)
             ... on level 5 of the Dungeon.
             The game lasted 00:17:17 (1868 turns).

BowlsofSteal the Shield-Bearer (Troll Fighter)      Turns: 1868, Time: 00:17:17

Health: -10/61     AC:  6    Str: 26    XL:     6   Next: 18%
Magic:  5/5        EV:  9    Int:  4    God:
Gold:   140        SH:  9    Dex: 10    Spells: 5/5 levels left

rFire    . . .     SeeInvis .   q - +8 club
rCold    . . .     Gourm    +   b - +0 shield
rNeg     + . .     Faith    .   u - +0 animal skin
rPois    .         Spirit   .   (helmet restricted)
rElec    .         Reflect  .   (no cloak)
rCorr    .         Harm     .   (gloves unavailable)
MR       .....                  (boots unavailable)
Stlth    +.........             c - amulet of magic regeneration
HPRegen  0.60/turn              z - ring of positive energy
MPRegen  0.34/turn              (no ring)

@: no status effects
A: large, unfitting armour, claws 3, fast metabolism 3, gourmand, regeneration
1, shaggy fur 1, tough skin 3
a: no special abilities


You were on level 5 of the Dungeon.
You were not hungry.

You visited 1 branch of the dungeon, and saw 4 of its levels.

You collected 140 gold pieces.

Inventory:

Hand Weapons
 g - a +0 spear
 h - a +0 spear
 l - a +0 short sword
 q - a +8 club (weapon)
 w - a +0 club
 B - a +0 war axe
Missiles
 e - 19 arrows
Armour
 a - a +0 robe
 b - a +0 shield (worn)
 i - a +0 pair of gloves
 k - a +0 pair of boots
 p - a +0 leather armour
 t - a +0 robe
 u - a +0 animal skin (worn)
 v - a +0 helmet
 x - a +0 chain mail
Jewellery
 c - an amulet of magic regeneration (around neck)
 z - a ring of positive energy (left claw)
Wands
 y - a wand of random effects (17)
 C - a wand of scattershot (3)
 D - a wand of digging (6)
Scrolls
 j - a scroll of fog {unknown}
 m - a scroll of magic mapping {unknown}
 n - 2 scrolls of remove curse {unknown}
 r - a scroll of identify
 E - a scroll of enchant armour {unknown}
Potions
 f - a potion of haste
 o - a potion of magic
 s - a potion of brilliance {unknown}
 A - a potion of berserk rage {unknown}
Comestibles
 d - 5 rations


   Skills:
 + Level 3.2 Fighting
 + Level 0.5 Maces & Flails
 + Level 2.4 Polearms
 + Level 3.4 Dodging
 + Level 0.1 Stealth
 + Level 3.6 Shields
 + Level 2.1 Unarmed Combat


You had 5 spell levels left.
You didn't know any spells.
Your spell library was empty.

Dungeon Overview and Level Annotations

Branches:
Dungeon (5/15)
 Temple: D:4-7

Altars:

Annotations:
D:4 Grinder
D:5 Prince Ribbit


Innate Abilities, Weirdness & Mutations

You are too large for most types of armour.
You have claws for hands.
Your metabolism is lightning-fast.
You like to eat raw meat.
Your natural rate of healing is unusually fast.
You are covered in fur. (AC +1)
You have extremely tough skin. (AC +3)


Message History

Prince Ribbit is moderately wounded.
Prince Ribbit hits you!
* * * LOW HITPOINT WARNING * * *
Prince Ribbit barely misses you.
Prince Ribbit blinks!
Prince Ribbit catches a centipede with his tongue.
Prince Ribbit blinks!
Prince Ribbit croaks regally.
Prince Ribbit blinks!
Prince Ribbit lets out a mournful croak.
Prince Ribbit barely misses you. Prince Ribbit hits you!!
* * * LOW HITPOINT WARNING * * *
Prince Ribbit catches a butterfly with his tongue.
Prince Ribbit blinks!
Prince Ribbit blinks!
You hit Prince Ribbit.
Prince Ribbit is moderately wounded.
Prince Ribbit barely misses you. Prince Ribbit hits you!
You die...

...F..# # ######## ......#
#.#......# ......# #.#......#
....$.# #........## .....F####
#........# ####### .........#
#....#.#.## #...... ......##.#
#.##.#.#..# #......
.......#.###....)[##.### #......
$..............F@.##..>####......
......##.#######.................
.....###..# #..####..###......
....## ##.# ##..# ##.# #......
##..# #.# #..####.###...... ##..
#.## #........##...... ##.. #..#
##.####..##...... ##.###.#
#...##.....##### #...#.####
#.#....##..#


You could see Prince Ribbit.

Vanquished Creatures
  A bullfrog skeleton (D:4)
  A centaur skeleton (D:2)
  A jelly (D:5)
  An orc wizard (D:4)
  Terence (D:1)
  Jessica (D:2)
  A hound zombie (D:5)
  Robin (D:1)
  5 adders
  A worm (D:1)
  3 dart slugs
  2 leopard geckos
  4 orcs
  5 bats (D:1)
  A giant cockroach (D:2)
  13 hobgoblins
  2 jackals (D:2)
  2 quokkas
  2 frilled lizards (D:1)
  10 goblins
  4 kobolds (D:1)
  7 rats
69 creatures vanquished.

Notes
Turn   | Place    | Note
-------+----------+-------------------------------------------
     0 | D:1      | BowlsofSteal the Troll Fighter began the quest for the Orb.
     0 | D:1      | Reached XP level 1. HP: 22/22 MP: 0/0
   183 | D:1      | Reached XP level 2. HP: 29/29 MP: 1/1
   911 | D:2      | Noticed Jessica
   949 | D:2      | Killed Jessica
   949 | D:2      | Reached XP level 3. HP: 25/36 MP: 2/2
  1129 | D:2      | Reached skill level 1 in Polearms
  1129 | D:2      | Reached XP level 4. HP: 30/44 MP: 3/3
  1357 | D:2      | Noticed Robin
  1395 | D:1      | Killed Robin
  1471 | D:2      | Noticed Terence
  1525 | D:1      | Killed Terence
  1525 | D:1      | Reached XP level 5. HP: 42/52 MP: 4/4
  1598 | D:2      | You fall into a shaft and drop 2 floors!
  1617 | D:4      | Noticed Grinder
  1624 | D:4      | Paralysed by Grinder for 3 turns
  1643 | D:5      | Entered Level 5 of the Dungeon
  1679 | D:5      | Reached XP level 6. HP: 33/61 MP: 5/5
  1832 | D:5      | Noticed Prince Ribbit
  1863 | D:5      | HP: 1/61 [Prince Ribbit (18)]
  1868 | D:5      | Mangled by Prince Ribbit

Levels and vault maps discovered:
D:1:      nicolae_arrival_memento_mori, layout_loops_ring
D:2:      layout_basic, kennysheep_generic_room_7, uniq_robin, uniq_terence,
          uniq_jessica
D:4:      layout_cave_pools, okawaru_altar_gauntlet_db,
          minmay_temple_entry_gardened_gates, first_ration, uniq_grinder
D:5:      layout_rooms, uniq_prince_ribbit1

Skill      XL: |  1  2  3  4  5 |
---------------+----------------+-----
Shields        | 3 |  3.6
Polearms       | 1 2 |  2.4
Dodging        | 3 |  3.4
Fighting       | 3 |  3.2
Maces & Flails | |  0.5
Stealth        | |  0.1
Unarmed Combat | |  2.1

Action                   |  1- 3 |  4- 6 || total
-------------------------+-------+-------++-------
Melee: Spear             |   136 |   121 ||   257
       Unarmed           |    12 |       ||    12
       Club              |       |    54 ||    54
  Use: Scroll            |     1 |       ||     1
       Potion            |     4 |       ||     4
  Eat: Chunk             |     9 |     3 ||    12
       Ration            |       |     1 ||     1
Armor: Robe              |    44 |    24 ||    68
       Animal skin       |       |    22 ||    22
Dodge: Dodged            |    58 |    81 ||   139
Block: Shield            |    95 |    88 ||   183
